 Dungeon Crawl Stone Soup version 0.17-a0-377-gdd46233 (webtiles) character file.

188038 xeno23 the Gelid (level 18, -1/139 HPs)
             Began as a Merfolk Ice Elementalist on Mar 31, 2015.
             Was the Champion of Vehumet.
             Slain by a wolf spider (19 damage)
             ... on level 1 of the Spider Nest on Apr 1, 2015.
             The game lasted 07:09:38 (48993 turns).

xeno23 the Gelid (Merfolk Ice Elementalist)        Turns: 48993, Time: 07:09:39

Health: -1/139     AC: 10    Str:  0 (3)  XL:     18   Next: 8%
Magic:  0/38       EV: 22    Int: 22 (23) God:    Vehumet [******]
Gold:   3779       SH:  0    Dex: 14      Spells: 8 memorised, 6 levels left

rFire  . . .     SeeInvis .     u - +10 great sword of Okhuathru {pain, +Fly rC+ Str-5}
rCold  + + .     Clarity  +     f - +2 robe {MR+}
rNeg   . . .     SustAb   .     (no shield)
rPois  .         Gourm    .     p - +2 hat {rF+}
rElec  .         Spirit   .     x - +1 cloak
rCorr  .         Warding  .     s - +1 pair of gloves
rMut   .         Stasis   .     (no boots)
MR     +++..                    (no amulet)
Stlth  ++........               m - ring of ice
                                w - ring of magical power

@: lethally poisoned (-1 -> -29), very slightly contaminated, lost strength,
very slow, extremely resistant to hostile enchantments, unstealthy
A: change form in water, swift swim, clarity, magic resistance 1, sense
surroundings 1
a: Renounce Religion, Evoke Flight
}: 1/15 runes: decaying


You were on level 1 of the Spider Nest.
You worshipped Vehumet.
Vehumet was exalted by your worship.
You were not hungry.

You visited 6 branches of the dungeon, and saw 35 of its levels.
You also visited: Volcano.

You collected 4593 gold pieces.
You spent 814 gold pieces at shops.

Inventory:

Hand weapons
 u - the +10 great sword of Okhuathru (weapon) {pain, +Fly rC+ Str-5}
   (You found it on level 10 of the Dungeon)

   In the hands of one skilled in necromantic magic, it inflicts extra damage on
   living creatures.
   It affects your strength (-5).
   It protects you from cold.
   It lets you fly.
Missiles
 Q - 5 poisoned javelins (quivered)
Armour
 f - a +2 robe of magic resistance (worn)
 p - a +2 hat of fire resistance (worn)
 s - a +1 pair of gloves (worn)
 x - a +1 cloak (worn)
Jewellery
 m - a ring of ice (right hand)
 w - a ring of magical power (left hand)
 y - an uncursed ring of protection from fire
 Y - an uncursed ring of sustain abilities
Magical devices
 k - a wand of fireball (9)
 v - a wand of disintegration (10)
 G - a wand of digging (9)
 J - a wand of heal wounds (1)
Scrolls
 b - a scroll of identify
 d - 5 scrolls of enchant weapon
 l - 13 scrolls of teleportation
 o - 7 scrolls of remove curse
 r - a scroll of immolation
 A - 8 scrolls of fear
 F - 5 scrolls of recharging
 M - 5 scrolls of amnesia
 T - 4 scrolls of fog
 V - a scroll of summoning
 W - a scroll of magic mapping
 X - a scroll of holy word
Potions
 a - 3 potions of cancellation
 e - 5 potions of might
 g - 4 potions of resistance
 h - 5 potions of berserk rage
 i - 8 potions of restore abilities
 n - 5 potions of haste
 q - 17 potions of curing
 z - 3 potions of brilliance
 I - 3 potions of agility
 K - 3 potions of magic
 N - 2 potions of lignification
 S - a potion of invisibility
 U - 4 potions of flight
Comestibles
 c - 11 bread rations
 j - 2 chunks of flesh
 t - 3 meat rations


   Skills:
 + Level 11.6 Fighting
 - Level 10.1 Long Blades
 - Level 16.6 Dodging
 - Level 2.1 Stealth
 + Level 11.8 Spellcasting
 + Level 10.5 Conjurations
 - Level 8.0 Charms
 - Level 5.3 Summonings
 - Level 2.3 Necromancy
 - Level 16.8 Ice Magic
 - Level 5.0 Air Magic


You had 6 spell levels left.
You knew the following spells:

 Your Spells              Type           Power        Failure   Level  Hunger
a - Freezing Cloud        Conj/Ice/Air   ######....   3%          6    #####..
b - Ozocubu's Armour      Chrm/Ice       #######.     1%          3    None
c - Summon Ice Beast      Ice/Summ       #######.     1%          4    None
d - Ozocubu's Refrigerat  Ice            #######...   1%          6    #####..
q - Bolt of Cold          Conj/Ice       #######...   1%          6    #####..
t - Regeneration          Chrm/Necr      #####.....   1%          3    None
v - Swiftness             Chrm/Air       #####...     1%          2    None
w - Throw Icicle          Conj/Ice       #######.     1%          4    None


Dungeon Overview and Level Annotations

Branches:
Dungeon (15/15)            Temple (1/1) D:5            Lair (8/8) D:9
  Swamp (5/5) Lair:4       Spider (2/5) Lair:5        Slime (0/6) Lair:6
    Orc (4/4) D:10            Elf (0/3) Orc:4        Vaults (0/5) D:14
 Depths (0/5) D:15

Altars:
Ashenzari
Cheibriados
Dithmenos
Elyvilon
Fedhas
Gozag
Kikubaaqudgha
Makhleb
Nemelex Xobeh
Okawaru
Qazlal
Ru
Sif Muna
Trog
Vehumet
Xom
Yredelemnul
Zin
The Shining One
Beogh
Jiyva

Shops:
D:6 **   Orc:1 %   Orc:4 [*}?(

Annotations:
Orc:4 Rupert


Innate Abilities, Weirdness & Mutations

You revert to your normal form in water.
You are very nimble and swift while swimming.
You possess an exceptional clarity of mind.
You are resistant to hostile enchantments.
You passively map a small area around you.


Message History

Drink which item? (? for menu, Esc to quit)
Okay, then.
Search for what [? for help]? sinv Read which item? (? for menu, Esc to quit)
Okay, then.
Evoke which item? (* to show all) (? for menu, Esc to quit)
Zapping:
J - a wand of heal wounds (2)
Press: ? - help, Shift-Dir - straight line, f - you You feel much better.
This wand has 1 charge left.
The wolf spider hisses angrily.
The tarantella hisses angrily.
You feel very sick. The tarantella bites you!
* * * LOW HITPOINT WARNING * * *
The wolf spider completely misses you. The wolf spider bites you.
* * * LOW HITPOINT WARNING * * *
You feel you are being watched by something.
The tarantella bites you!
* * * LOW HITPOINT WARNING * * *
The wolf spider hits you!!
You die...

## #.....#####........##≈#≈≈≈≈#
.# ##.....##.......^.####≈≈≈#≈#
### #......##.....####.########
..# ###.....#..........####
..#######...#.^....#....#.##
.###..#....................#
###^..#....................####
# #...[...........###.....##..#
# ###.^.........@ss.###..###..##
###^#...........#s..#.#........#
##..^..§........#ss............#
.#......###.....#......[.......#
.....>....#...###^........#>...#
.........##.####......#..##....#
..##.....######......##...#....#
...##.....####......##....#..#.#
...##......##.......#.....#..###


You could see 2 wolf spiders, 2 tarantellas and a spider.

Vanquished Creatures
  Nikola (Spider:1)
  Agnes (Spider:1)
  2 thorn hunters (Swamp:4)
  Donald (Swamp:5)
  A stone giant (D:13)
  Nessos (Lair:7)
  An ettin (Orc:3)
  Josephine (Orc:4)
  A fire dragon (Lair:8)
  26 hydras
  A catoblepas (D:15)
  A ghost crab (Swamp:2)
  7 alligators
  2 tengu warriors (D:14)
  2 death yaks (Lair:7)
  3 orc high priests (Orc:4)
  3 centaur warriors
  Urug (Orc:2)
  6 spriggans
  An ogre mage (D:15)
  Nergalle (Orc:3)
  A sun demon (Orc:4)
  2 skeletal warriors (D:15)
  2 fire crabs (Lair:8)
  A storm dragon skeleton (D:15)
  8 swamp dragons
  18 hill giants
  A phantasmal warrior (D:15)
  3 spriggan druids
  A lindwurm (Lair:7)
  3 necromancers
  6 orc knights
  A wolf spider zombie (D:15)
  An orb spider (Spider:1)
  2 ugly things
  3 wolf spiders
  2 griffons
  3 manticores
  3 orc sorcerers (Orc:4)
  A hornet (Swamp:2)
  9 cyclopes
  15 elephants
  A fire giant skeleton (D:15)
  12 black mambas
  A molten gargoyle (D:14)
  A torpor snail (Lair:8)
  25 spiny frogs
  An emperor scorpion zombie (D:15)
  The ghost of McCoppin the Covert, an experienced FoAs (D:14)
  A kobold demonologist (D:13)
  3 demonic crawlers
  6 komodo dragons
  9 trolls
  11 fire drakes
  A yaktaur (shapeshifter) (D:14)
  2 raiju (Lair:8)
  4 yaktaurs
  5 two-headed ogres
  A jumping spider (Spider:1)
  8 polar bears (Lair:8)
  2 boulder beetles
  A wandering mushroom (Lair:8)
  6 baby alligators
  11 ravens
  3 deep elf magi
  8 bog bodies
  8 giant leeches
  2 tarantellas
  9 blink frogs
  2 shadows
  24 slime creatures
  4 wraiths
  Sigmund (D:6)
  55 yaks
  2 redbacks (Spider:2)
  2 trapdoor spiders
  A wyvern (Lair:6)
  6 fire bats (Volcano)
  12 basilisks
  A human (D:7)
  A fire elemental (D:14)
  4 steam dragons
  9 vampire mosquitoes
  13 wargs
  2 hungry ghosts
  16 wolves
  10 hippogriffs
  A mottled dragon (D:13)
  33 swamp worms
  19 insubstantial wisps
  21 water moccasins
  A soldier ant (D:15)
  17 swamp drakes
  4 hell hounds
  6 sky beasts
  8 porcupines
  9 wasps
  5 ice beasts
  6 necrophages
  17 ogres
  24 orc warriors
  12 black bears (Lair:8)
  2 phantoms
  8 centaurs
  2 eyes of draining (D:14)
  3 boring beetles
  A torpor snail zombie (D:15)
  4 boggarts (D:14)
  A brain worm (D:10)
  14 crocodiles
  19 giant frogs
  3 big kobolds
  A gnoll sergeant (D:13)
  4 scorpions
  12 killer bees
  16 wights
  3 vampire bats (Lair:5)
  A giant frog zombie (D:10)
  A quasit (D:9)
  A lava snake (D:14)
  7 crimson imps
  7 centaur zombies
  26 orc priests
  2 electric eels (Spider:1)
  3 goliath beetles
  4 jellies
  21 hounds
  10 iguanas
  33 orc wizards
  2 centaur skeletons
  Terence (D:3)
  4 giant frog skeletons
  13 worker ants
  2 killer bee zombies
  14 sheep
  A hound zombie (D:11)
  A hound skeleton (D:4)
  3 mummies (D:11)
  49 river rats
  3 worker ant zombies
  4 gnolls (D:13)
  A shadow imp (D:14)
  24 adders
  5 giant mites (Lair:4)
  8 worms
  2 adder skeletons
  177 orcs
  4 ball pythons
  4 giant cockroaches
  25 goblins
  15 hobgoblins
  20 jackals
  13 quokkas
  31 bats
  5 giant geckos
  6 giant newts
  3 giant spores
  25 kobolds
  2 orc zombies (Orc:4)
  11 rats
  2 spectral orcs (Orc:3)
  5 ballistomycetes
  2 briar patches (Swamp:4)
  3 bushes (Lair:2)
  8 fungi
  27 plants
1375 creatures vanquished.

Vanquished Creatures (collateral kills)
  Frances (D:12)
  4 hydras
  A death yak (Lair:7)
  A hill giant (D:9)
  An ugly thing (D:12)
  A cyclops (D:14)
  An elephant (Lair:7)
  A centaur zombie (D:15)
  6 spiny frogs
  3 komodo dragons
  3 blink frogs (Lair:3)
  A basilisk (Lair:5)
  A wraith (Orc:4)
  A spriggan (Lair:3)
  11 yaks
  4 hippogriffs
  2 wolves
  Menkaure (D:5)
  5 swamp worms (D:10)
  A soldier ant (D:15)
  A porcupine (Lair:3)
  An orc warrior (D:9)
  A wasp (D:9)
  3 ogres
  The ghost of BLOAX the Insei, an average DsMo (D:4)
  A boggart (D:14)
  A giant frog (D:7)
  A crocodile (Lair:1)
  A wyvern zombie (D:9)
  A killer bee (D:9)
  A wight (D:7)
  A crimson imp (D:10)
  An iguana (D:8)
  An orc wizard (D:8)
  An orc priest (D:8)
  2 hounds
  6 sheep
  A giant mite (Lair:4)
  17 river rats
  2 adders
  4 worms (D:10)
  A giant gecko (D:10)
  3 orcs
  A bat (D:6)
  A goblin (Orc:3)
  A hobgoblin (D:9)
  3 kobolds (D:7)
  A plant (Lair:7)
110 creatures vanquished.

Vanquished Creatures (others)
  A shadow (D:15)
  An insubstantial wisp (Swamp:2)
  An ogre (Orc:4)
  60 ice beasts
  An adder (Lair:1)
  3 river rats (Lair:1)
  A quokka (D:3)
  10 fungi
  16 plants
  10 toadstools (Swamp:4)
104 creatures vanquished.

Grand Total: 1589 creatures vanquished

Notes
Turn   | Place    | Note
--------------------------------------------------------------
     0 | D:1      | xeno23, the Merfolk Ice Elementalist, began the quest for the Orb.
     0 | D:1      | Reached XP level 1. HP: 13/13 MP: 2/2
   212 | D:1      | Reached XP level 2. HP: 8/19 MP: 0/3
   340 | D:1      | Reached skill level 4 in Ice Magic
   647 | D:1      | Reached XP level 3. HP: 18/24 MP: 0/4
  1314 | D:2      | Reached skill level 5 in Ice Magic
  1453 | D:2      | Reached XP level 4. HP: 13/30 MP: 0/5
  1621 | D:2      | Learned a level 3 spell: Ozocubu's Armour
  1734 | D:2      | You fall through a shaft for 2 floors!
  1896 | D:3      | Reached skill level 1 in Charms
  2093 | D:3      | Reached XP level 5. HP: 17/35 MP: 4/6
  2258 | D:3      | Found an iron altar of Okawaru.
  2258 | D:3      | Found a burning altar of Makhleb.
  2259 | D:3      | Found a sparkling altar of Nemelex Xobeh.
  2492 | D:2      | Found a stormy altar of Qazlal.
  2492 | D:2      | Found a glowing golden altar of the Shining One.
  2949 | D:3      | Found a radiant altar of Vehumet.
  3011 | D:3      | Became a worshipper of Vehumet
  3174 | D:3      | Noticed Terence
  3183 | D:3      | Killed Terence
  3183 | D:3      | Reached skill level 6 in Ice Magic
  3234 | D:3      | Reached XP level 6. HP: 22/41 MP: 7/7
  3251 | D:3      | Learned a level 4 spell: Summon Ice Beast
  3393 | D:4      | Reached skill level 1 in Summonings
  3416 | D:4      | Noticed an ogre
  3723 | D:4      | Killed an ogre
  3850 | D:4      | Reached XP level 7. HP: 32/46 MP: 8/8
  4022 | D:4      | Noticed BLOAX's ghost (average DsMo)
  4032 | D:4      | Killed BLOAX's ghost
  4152 | D:4      | Reached skill level 7 in Ice Magic
  4240 | D:5      | Entered Level 5 of the Dungeon
  4246 | D:5      | Acquired Vehumet's first power
  4246 | D:5      | Offered knowledge of Shock by Vehumet.
  4271 | D:5      | Found a staircase to the Ecumenical Temple.
  4279 | Temple   | Entered the Ecumenical Temple
  4808 | D:5      | Noticed Menkaure
  4823 | D:5      | Killed Menkaure
  4847 | D:5      | Found a glowing golden altar of the Shining One.
  5084 | D:5      | Reached skill level 5 in Summonings
  5084 | D:5      | Reached XP level 8. HP: 38/52 MP: 9/9
  5350 | D:6      | Found a shimmering altar of Xom.
  5515 | D:6      | Noticed Sigmund
  5527 | D:6      | Killed Sigmund
  5527 | D:6      | Reached skill level 8 in Ice Magic
  5541 | D:6      | Found Booskuhune's Bounteous Boutique.
  5596 | D:6      | Reached skill level 9 in Ice Magic
  5779 | D:6      | Offered knowledge of Searing Ray by Vehumet.
  6260 | D:6      | Found an ancient bone altar of Kikubaaqudgha.
  6282 | D:6      | Found Sieric's Assorted Antiques.
  6490 | D:6      | Bought an embroidered robe for 21 gold pieces
  6490 | D:6      | Bought a runed bronze amulet for 155 gold pieces
  6530 | D:7      | Reached skill level 10 in Ice Magic
  6626 | D:7      | Reached XP level 9. HP: 57/57 MP: 5/9
  6756 | D:7      | Reached skill level 11 in Ice Magic
  7148 | D:7      | Offered knowledge of Dazzling Spray by Vehumet.
  7477 | D:8      | Reached skill level 12 in Ice Magic
  7661 | D:8      | Acquired Vehumet's second power
  8273 | D:8      | You fall through a shaft!
  8515 | D:9      | Reached skill level 13 in Ice Magic
  8578 | D:9      | Reached XP level 10. HP: 46/63 MP: 10/10
  8845 | D:9      | Offered knowledge of Fulminant Prism by Vehumet.
  9035 | D:9      | Noticed a fire drake
  9037 | D:9      | Found a staircase to the Lair.
  9042 | D:9      | Killed a fire drake
  9361 | D:8      | Acquired Vehumet's third power
  9483 | D:9      | Reached skill level 1 in Fighting
  9720 | Lair:1   | Entered Level 1 of the Lair of Beasts
  9749 | Lair:1   | Offered knowledge of Stone Arrow by Vehumet.
  9776 | Lair:1   | Learned a level 4 spell: Throw Icicle
 10215 | D:10     | Entered Level 10 of the Dungeon
 10227 | D:10     | Noticed a hill giant
 10264 | D:9      | Killed a hill giant
 10425 | D:10     | Got a slimy great sword
 10426 | D:10     | Identified the +10 great sword of Okhuathru {pain, +Fly rC+ Str-5} (You found it on level 10 of the Dungeon)
 10622 | D:10     | Found a staircase to the Orcish Mines.
 10722 | D:10     | Reached skill level 5 in Dodging
 11746 | Lair:1   | Reached skill level 5 in Fighting
 12261 | D:10     | Offered knowledge of Bolt of Fire by Vehumet.
 12276 | D:10     | Reached XP level 11. HP: 44/81 MP: 12/12
 13473 | Lair:1   | Noticed an eight-headed hydra
 13480 | Lair:1   | Killed an eight-headed hydra
 13738 | Lair:1   | Reached skill level 1 in Conjurations
 15538 | Lair:2   | Offered knowledge of Iron Shot by Vehumet.
 15695 | Lair:2   | Reached skill level 10 in Dodging
 16031 | Lair:3   | Noticed a spriggan rider
 16044 | Lair:3   | Killed a wasp
 16044 | Lair:3   | Reached XP level 12. HP: 94/94 MP: 11/14
 16049 | Lair:3   | Killed a spriggan
 17647 | Lair:4   | Found a staircase to the Swamp.
 17985 | Lair:4   | Reached skill level 5 in Spellcasting
 18980 | Lair:5   | Offered knowledge of Bolt of Draining by Vehumet.
 19193 | Lair:5   | Found a hole to the Spider Nest.
 19367 | Lair:5   | Noticed an eight-headed hydra
 19372 | Lair:5   | Killed an eight-headed hydra
 19721 | Lair:5   | Reached skill level 5 in Conjurations
 19981 | Lair:5   | Got a pair of polished boots
 19988 | Lair:5   | Identified the +0 pair of boots of Wuckam {-Cast rF+ rCorr} (You found it on level 5 of the Lair of Beasts)
 20433 | Lair:6   | Found a staircase to the Slime Pits.
 20434 | Lair:6   | Found a viscous altar of Jiyva.
 20628 | Lair:6   | Noticed a six-headed hydra
 20633 | Lair:6   | Killed a six-headed hydra
 20633 | Lair:6   | Reached skill level 10 in Fighting
 20633 | Lair:6   | Reached XP level 13. HP: 103/103 MP: 14/17
 21551 | Lair:6   | Noticed a four-headed hydra
 21558 | Lair:6   | Killed a four-headed hydra
 24420 | Lair:7   | Noticed Nessos
 24547 | Lair:7   | Killed Nessos
 24637 | Lair:7   | Offered knowledge of Ozocubu's Refrigeration by Vehumet.
 25245 | Lair:7   | Reached skill level 14 in Dodging
 25602 | Lair:8   | Entered Level 8 of the Lair of Beasts
 25615 | Lair:8   | Learned a level 6 spell: Ozocubu's Refrigeration
 25762 | Lair:8   | Reached XP level 14. HP: 73/110 MP: 8/20
 27862 | Lair:8   | HP: 5/110 [water moccasin (7)]
 27877 | Lair:8   | Reached skill level 15 in Dodging
 28508 | Lair:8   | Offered knowledge of Bolt of Cold by Vehumet.
 28516 | Lair:8   | Learned a level 6 spell: Bolt of Cold
 29337 | Lair:8   | Identified the Compendium of Enhancements (You found it on level 8 of the Lair of Beasts)
 29819 | Lair:8   | Reached skill level 10 in Spellcasting
 30592 | Lair:1   | Learned a level 2 spell: Swiftness
 30596 | Lair:1   | Learned a level 3 spell: Regeneration
 30838 | D:6      | Bought an encrusted coral ring for 155 gold pieces
 30838 | D:6      | Bought a scroll of identify for 62 gold pieces
 30838 | D:6      | Bought a scroll of blinking for 232 gold pieces
 31032 | Orc:1    | Entered Level 1 of the Orcish Mines
 31184 | Orc:3    | Found a roughly hewn altar of Beogh.
 31189 | Orc:3    | Offered knowledge of Freezing Cloud by Vehumet.
 31191 | Orc:4    | Entered Level 4 of the Orcish Mines
 31255 | Orc:4    | Noticed Josephine
 31266 | Orc:4    | Killed Josephine
 31401 | Orc:4    | Found a staircase to the Elven Halls.
 31411 | Orc:4    | Found a dark tunnel.
 31421 | Volcano  | Entered a volcano
 31453 | Volcano  | Reached XP level 15. HP: 85/115 MP: 21/22
 31462 | Volcano  | Learned a level 6 spell: Freezing Cloud
 32437 | Orc:4    | Reached skill level 5 in Charms
 32668 | Orc:4    | Found Kuunih's Gadget Shop.
 32671 | Orc:4    | Found Ephyfa's General Store.
 32673 | Orc:4    | Found Imiagori's Weapon Shop.
 32673 | Orc:4    | Found Rotzagh's Magic Scroll Emporium.
 32696 | Orc:4    | Upgraded the game from 0.17-a0-288-gaf424a4 to 0.17-a0-369-ge05c439
 32785 | Orc:4    | Bought a scroll of enchant armour for 105 gold pieces
 32785 | Orc:4    | Bought a scroll of fog for 28 gold pieces
 32827 | Orc:4    | Bought a scroll of identify for 28 gold pieces
 32827 | Orc:4    | Bought a scroll of identify for 28 gold pieces
 32926 | Orc:4    | Found Uxuabim's Armour Shop.
 32969 | Orc:4    | Offered knowledge of Spellforged Servitor by Vehumet.
 33044 | Orc:4    | Noticed Rupert
 33472 | Orc:3    | Noticed Nergalle
 33479 | Orc:3    | Killed Nergalle
 33743 | Orc:2    | Found Edekyxon's Food Boutique.
 33746 | Orc:2    | Reached skill level 1 in Air Magic
 33903 | Orc:2    | Found a roughly hewn altar of Beogh.
 34097 | Orc:2    | Noticed Urug
 34104 | Orc:2    | Killed Urug
 34118 | Orc:2    | Gained mutation: You have a pair of small horns on your head. [potion of mutation]
 34118 | Orc:2    | Gained mutation: You can spit weak poison. [potion of mutation]
 34118 | Orc:2    | Gained mutation: Scrolls take you a little longer to read. [potion of mutation]
 34119 | Orc:2    | Lost mutation: You can spit weak poison. [potion of cure mutation]
 34119 | Orc:2    | Lost mutation: Scrolls take you a little longer to read. [potion of cure mutation]
 34119 | Orc:2    | Lost mutation: You have a pair of small horns on your head. [potion of cure mutation]
 34664 | Orc:1    | Found Tom Ekua's Food Shop.
 34963 | Lair:1   | Gained mutation: You passively map a small area around you. [potion of mutation]
 34963 | Lair:1   | Gained mutation: You are resistant to hostile enchantments. [potion of mutation]
 34963 | Lair:1   | Gained mutation: You possess an exceptional clarity of mind. [potion of mutation]
 35256 | D:11     | Offered knowledge of Lehudib's Crystal Spear by Vehumet.
 35256 | D:11     | Offered knowledge of Shatter by Vehumet.
 35256 | D:11     | Offered knowledge of Tornado by Vehumet.
 36116 | D:12     | Noticed Frances
 36124 | D:12     | Killed Frances
 36588 | D:12     | Reached skill level 15 in Ice Magic
 37255 | D:13     | Reached skill level 1 in Necromancy
 37909 | D:13     | Reached XP level 16. HP: 68/122 MP: 25/26
 38028 | D:13     | Got a fine dagger
 38030 | D:13     | Got a smoking mace
 38032 | D:13     | Got a slimy dagger
 38052 | D:13     | Got a brightly glowing battleaxe
 38054 | D:13     | Got a scorched great sword
 38163 | D:13     | Identified the +2 great sword "Awoefie" {slice, rC+ MP+9 Str-5 Int+9} (You found it on level 13 of the Dungeon)
 38164 | D:13     | Identified the +9 battleaxe "Amemuiz" {drain, rElec MR++ Str+2 SInv} (You found it on level 13 of the Dungeon)
 38165 | D:13     | Identified the +3 dagger "Zeagil" {antimagic, rPois rF- Dex-5 Stlth+} (You found it on level 13 of the Dungeon)
 38166 | D:13     | Identified the +4 dagger of the Pits of Slime {venom, rN+} (You found it on level 13 of the Dungeon)
 38196 | D:13     | Identified the +11 mace of Agony {flame, rC- Str+3 Dex+2} (You found it on level 13 of the Dungeon)
 38202 | D:13     | Upgraded the game from 0.17-a0-369-ge05c439 to 0.17-a0-377-gdd46233
 38468 | D:14     | Noticed McCoppin's ghost (experienced FoAs)
 38473 | D:14     | Killed McCoppin's ghost
 39007 | D:14     | Reached skill level 16 in Ice Magic
 39064 | D:14     | Found a gate to the Vaults.
 39555 | D:15     | Entered Level 15 of the Dungeon
 39713 | D:15     | Reached skill level 10 in Conjurations
 40801 | D:15     | Found a staircase to the Depths.
 41457 | D:15     | Reached skill level 5 in Air Magic
 41944 | Spider:1 | Entered Level 1 of the Spider Nest
 42033 | Spider:1 | Reached skill level 1 in Long Blades
 42040 | Spider:1 | Noticed Agnes
 42191 | Spider:1 | Killed Agnes
 42631 | Spider:1 | Identified The Second Course in Sorcery
 42708 | Spider:1 | Noticed Nikola
 42724 | Spider:1 | HP: 4/122 [Nikola/chain lightning (27)]
 43011 | Swamp:1  | Entered Level 1 of the Swamp
 43505 | Swamp:1  | Reached skill level 5 in Long Blades
 43961 | Swamp:2  | Reached XP level 17. HP: 128/128 MP: 27/27
 45843 | Swamp:4  | Reached skill level 10 in Long Blades
 46346 | Swamp:4  | Found a shimmering altar of Xom.
 46681 | Swamp:5  | Entered Level 5 of the Swamp
 46681 | Swamp:5  | Noticed Donald
 46688 | Swamp:5  | Killed Donald
 47802 | Swamp:5  | Got a decaying rune of Zot
 48237 | Swamp:5  | Reached XP level 18. HP: 109/138 MP: 28/29
 48764 | Spider:1 | Killed Nikola
 48988 | Spider:1 | Lost strength.
 48993 | Spider:1 | Slain by a wolf spider

Action                   |  1- 3 |  4- 6 |  7- 9 | 10-12 | 13-15 | 16-18 || total
-------------------------+-------+-------+-------+-------+-------+-------++-------
Melee: Dagger            |   114 |    25 |       |       |       |       ||   139
       Rapier            |       |    49 |   307 |    97 |       |       ||   453
       Great sword       |       |       |       |   528 |   807 |   447 ||  1782
 Fire: Blowgun           |       |     4 |    12 |     2 |       |       ||    18
Throw: Javelin           |     1 |       |       |     3 |    20 |     8 ||    32
       Stone             |       |       |     2 |       |       |       ||     2
 Cast: Freeze            |    32 |    49 |    45 |    81 |    43 |       ||   250
       Ozocubu's Armour  |       |     5 |    19 |    44 |    74 |    64 ||   206
       Summon Ice Beast  |       |       |    23 |    68 |    28 |    12 ||   131
       Throw Icicle      |       |       |       |    88 |   306 |   203 ||   597
       Ozocubu's Refrige |       |       |       |       |   105 |    67 ||   172
       Bolt of Cold      |       |       |       |       |    32 |   123 ||   155
       Swiftness         |       |       |       |       |     5 |     5 ||    10
       Regeneration      |       |       |       |       |    17 |    49 ||    66
       Freezing Cloud    |       |       |       |       |     4 |       ||     4
Evoke: Wand              |       |       |       |       |     4 |     7 ||    11
  Use: Scroll            |       |       |    15 |    15 |    15 |     9 ||    54
       Potion            |       |       |     1 |     1 |     7 |     3 ||    12
 Stab: Sleeping          |     4 |     3 |     5 |    14 |     7 |       ||    33
       Distracted        |     1 |     1 |     1 |     2 |     2 |     1 ||     8
  Eat: Chunk             |     2 |     9 |    25 |    57 |    99 |    58 ||   250
       Royal jelly       |       |       |       |     2 |     1 |       ||     3
       Beef jerky        |       |       |       |     6 |     4 |     4 ||    14
       Pizza             |       |       |       |     1 |     5 |     1 ||     7
       Meat ration       |       |       |       |       |     2 |     6 ||     8
       Fruit             |       |       |       |       |       |     5 ||     5
